 Dungeon Sprint DCSS version 0.29-a0-1008-g949cc1d0fb (webtiles) character file.

Game seed: 5878351219478752827

2034 mhtbhm the Imperceptible (level 9, -5/64 (70) HPs)
             Began as a Spriggan Brigand on Aug 7, 2022.
             Was a Follower of Dithmenos.
             Slain by a soul eater (20 damage)
             ... summoned by a kobold demonologist
             ... in the Dungeon (Sprint I: "Red Sonja").
             The game lasted 00:03:08 (678 turns).

mhtbhm the Imperceptible (Spriggan Brigand)          Turns: 678, Time: 00:03:09

HP:   -5/64 (70)    AC:  5    Str:  7    XL:     9   Next: 3%
MP:   10/10         EV: 18    Int: 13    God:    Dithmenos [*.....]
Gold: 784           SH:  0    Dex: 20    Spells: 8/8 levels left

rFire   . . .      SeeInvis +   a - +1 dagger (venom)
rCold   . . .      Faith    .   (no shield)
rNeg    . . .      Spirit   .   b - +2 robe
rPois   .          Reflect  .   (helmet restricted)
rElec   .          Harm     .   c - +0 cloak
rCorr   .          Rampage  .   (gloves unavailable)
Will    +....      NoTele   +   (boots unavailable)
Stlth   ..........              (no amulet)
HPRegen 0.20/turn               (no ring)
MPRegen 0.12/turn               (no ring)

@: berserking, wreathed by umbra, drained, very quick
A: very small, no large weapons, unfitting armour, see invisible, speed 3
a: Renounce Religion


You were in the Dungeon.
You worshipped Dithmenos.
Dithmenos was aware of your devotion.
You visited 1 branch You collected 850 gold pieces.
You spent 66 gold pieces at shops.

Inventory:

Hand Weapons
 a - a +1 dagger of venom (weapon)
Missiles
 d - 9 poisoned darts
 l - 5 curare-tipped darts (quivered)
Armour
 b - a +2 robe (worn)
 c - a +0 cloak (worn)
Wands
 e - a wand of paralysis (11)
 o - a wand of flame (8)
Scrolls
 k - a scroll of blinking
 p - 2 scrolls of identify {unknown}
 q - a scroll of acquirement {unknown}
Potions
 f - 3 potions of curing
 g - a potion of heal wounds
 h - a potion of haste
 i - 2 potions of magic
 m - a potion of resistance {unknown}


   Skills:
 + Level 5.2 Fighting
 + Level 6.4 Short Blades
 + Level 7.3 Throwing
 + Level 3.0 Dodging
 + Level 25.1 Stealth
 + Level 2.3 Evocations


You had 8 spell levels left.
You didn't know any spells.
Your spell library was empty.

Dungeon Overview and Level Annotations

Branches:
Dungeon (1/1)

Altars:
Cheibriados
Dithmenos
Elyvilon
Fedhas
Gozag
Hepliaklqana
Kikubaaqudgha
Makhleb
Nemelex Xobeh
Okawaru
Qazlal
Ru
Sif Muna
Trog
Uskayaw
Vehumet
Wu Jian
Xom
Yredelemnul
Zin
The Shining One
Jiyva
Lugonu

Shops:
D [:[


Innate Abilities, Weirdness & Mutations

You are very small and have problems with some larger weapons.
You are too small for most types of armour.
You have supernaturally acute eyesight. (SInv)
You cover ground extremely quickly. (Speed+++)


Message History

You hit the soul eater but do no damage.
The soul eater is moderately wounded.
You hit the soul eater.
The soul eater is moderately wounded.
The crimson imp misses you.
Unknown command.
You hit the soul eater but do no damage.
The soul eater looks as sick as possible!
The soul eater is moderately wounded.
The soul eater closely misses you.
You hit the soul eater but do no damage.
The soul eater is heavily wounded.
The crimson imp closely misses you.
You hit the soul eater.
The soul eater is heavily wounded.
The soul eater hits you.
* * * LOW HITPOINT WARNING * * *
You hit the soul eater but do no damage.
The soul eater is heavily wounded.
The crimson imp closely misses you.
You closely miss the soul eater.
The soul eater is heavily wounded.
The kobold demonologist casts a spell.
The soul eater hits you but does no damage.
You hit the soul eater but do no damage.
The soul eater is heavily wounded.
The ufetubus disappears in a puff of smoke!
The crimson imp closely misses you.
You puncture the soul eater!
The soul eater looks as sick as possible!
The soul eater is severely wounded.
The soul eater closely misses you.
The kobold demonologist casts a spell.
You closely miss the soul eater.
The soul eater is severely wounded.
The crimson imp completely misses you.
You closely miss the soul eater.
The soul eater is severely wounded.
The soul eater hits you!!
You die...

######################
..'..#.)'..#__#5@3K3.#
..#.)'..#..'..'..#55.#
####'#####'#__####§§.+
###..#...#.#### #####
__####..##)#
_____##'#_.+
_.∩...'..._#
_..__##_.#'##+###
_____###'#.#...[###


You could see 2 soul eaters, a kobold demonologist, a crimson imp (summoned), a
white imp (summoned) and a shadow imp (summoned).

Vanquished Creatures
  Sonja (D)
  A deep troll (D)
  A kobold demonologist (D)
  A slime creature (D)
  Sigmund (D)
  A yak (D)
  A floating eye (D)
  An ogre (D)
  A jelly (D)
  Ijyb (D)
  A ballistomycete spore (D)
11 creatures vanquished.

Vanquished Creatures (others)
  A gargoyle (D)
  A ballistomycete spore (D)
2 creatures vanquished.

Grand Total: 13 creatures vanquished

Notes
Turn   | Place    | Note
-------+----------+-------------------------------------------
     0 | D        | mhtbhm the Spriggan Brigand began the quest for the Orb.
     0 | D        | Reached XP level 1. HP: 10/10 MP: 2/2
     1 | D        | Noticed Ijyb
    12 | D        | Killed Ijyb
    13 | D        | Reached skill level 9 in Stealth
    13 | D        | Reached XP level 2. HP: 15/15 MP: 3/3
   126 | D        | Noticed an ogre
   128 | D        | Killed an ogre
   129 | D        | Reached skill level 13 in Stealth
   129 | D        | Reached XP level 3. HP: 19/19 MP: 4/4
   129 | D        | Reached XP level 4. HP: 23/23 MP: 5/5
   141 | D        | Noticed Sigmund
   143 | D        | Killed Sigmund
   144 | D        | Reached skill level 16 in Stealth
   144 | D        | Reached XP level 5. HP: 28/28 MP: 6/6
   157 | D        | Found an ornate altar of the Wu Jian Council.
   157 | D        | Found a shimmering blue altar of Sif Muna.
   158 | D        | Killed a gargoyle
   159 | D        | Found a radiant altar of Vehumet.
   164 | D        | Reached XP level 6. HP: 32/32 MP: 7/7
   165 | D        | Found Xigros's Book Emporium.
   165 | D        | Found an ancient bone altar of Kikubaaqudgha.
   165 | D        | Found a hazy altar of Hepliaklqana.
   165 | D        | Found a stormy altar of Qazlal.
   165 | D        | Found a hide-covered altar of Uskayaw.
   165 | D        | Found a blossoming altar of Fedhas.
   165 | D        | Found a bloodstained altar of Trog.
   165 | D        | Found an iron altar of Okawaru.
   165 | D        | Found a basalt altar of Yredelemnul.
   165 | D        | Found a glowing golden altar of the Shining One.
   165 | D        | Found a snail-covered altar of Cheibriados.
   165 | D        | Found a sacrificial altar of Ru.
   165 | D        | Found a glowing silver altar of Zin.
   165 | D        | Found a shadowy altar of Dithmenos.
   165 | D        | Found a white marble altar of Elyvilon.
   165 | D        | Noticed a yak
   166 | D        | Found an opulent altar of Gozag.
   167 | D        | Killed a yak
   168 | D        | Reached skill level 5 in Throwing
   168 | D        | Reached skill level 18 in Stealth
   168 | D        | Found a sparkling altar of Nemelex Xobeh.
   179 | D        | Became a worshipper of Dithmenos the Shadowed
   303 | D        | Found a burning altar of Makhleb.
   303 | D        | Found a shimmering altar of Xom.
   303 | D        | Noticed a slime creature
   304 | D        | Found a viscous altar of Jiyva.
   304 | D        | Found a corrupted altar of Lugonu.
   306 | D        | Killed a slime creature
   307 | D        | Reached skill level 5 in Short Blades
   307 | D        | Reached skill level 20 in Stealth
   307 | D        | Reached XP level 7. HP: 37/37 MP: 8/8
   335 | D        | Noticed Sonja
   339 | D        | Killed Sonja
   340 | D        | Reached skill level 22 in Stealth
   340 | D        | Reached XP level 8. HP: 42/42 MP: 9/9
   358 | D        | Found Asippopna's Antique Armour Boutique.
   373 | D        | Bought an embroidered robe for 66 gold pieces
   503 | D        | Noticed a deep troll
   520 | D        | Killed a deep troll
   520 | D        | Reached * piety under Dithmenos
   521 | D        | Reached skill level 5 in Fighting
   521 | D        | Reached skill level 24 in Stealth
   521 | D        | Reached skill level 1 in Evocations
   542 | D        | Found Coaqoatae's Armour Emporium.
   645 | D        | Noticed a kobold demonologist
   646 | D        | Noticed a kobold demonologist
   649 | D        | Noticed a soul eater
   651 | D        | Paralysed by a floating eye for 2 turns
   657 | D        | Killed a kobold demonologist
   658 | D        | Reached skill level 25 in Stealth
   658 | D        | Reached XP level 9. HP: 37/47 MP: 10/10
   677 | D        | Noticed a soul eater
   678 | D        | Slain by a soul eater

Illustrated notes

Levels and vault maps discovered:
D:        dungeon_sprint_1 [red_sonja_temple_1, red_sonja_temple_small_1]

Skill      XL: |  1  2  3  4  5  6  7  8 |
---------------+-------------------------+-----
Fighting       | 2 3 4 5 |  5.2
Stealth        | 9 13 16 20 22 25 | 25.1
Short Blades   | 3 4 5 6 |  6.4
Throwing       | 3 4 5 6 7 |  7.3
Dodging        | 2 3 |  3.0
Evocations     | 2 |  2.3

Action                   |  1- 3 |  4- 6 |  7- 9 || total
-------------------------+-------+-------+-------++-------
Melee: Dagger            |     2 |     4 |    20 ||    26
       Punch             |       |       |     1 ||     1
Throw: Dart              |     3 |       |     6 ||     9
Evoke: Wand              |       |       |    12 ||    12
  Use: Potion            |       |       |     1 ||     1
 Stab: Sleeping          |     1 |     4 |     2 ||     7
Armor: Robe              |       |       |     1 ||     1
Dodge: Dodged            |     1 |       |    18 ||    19

Table legend: (Time is in decaauts)
 A = Elapsed time spent in this place.
 B = Non-inter-level travel time spent in this place.
 C = Inter-level travel time spent in this place.
 D = Time resting spent in this place.
 E = Time spent auto-exploring this place.
 F = Levels seen in this place.
 G = Mean time per level.
                   A        B        C        D        E       F      G
               +--------+--------+--------+--------+--------+-----+--------+
         Total |    557 |    557 |      0 |    256 |      0 |   1 |  557.0 |
       Dungeon |    557 |    557 |      0 |    256 |      0 |   1 |  557.0 |
               +--------+--------+--------+--------+--------+-----+--------+

Top non-repeatable levels by time:
       D: 557 daAuts
